 Dungeon Crawl Stone Soup version 0.32-a0-20-ge526923d97 (webtiles) character file.

Game seed: 11138142808392140580

237906 jasper the Warrior (level 18, -3/188 HPs)
             Began as a Demonspawn Cinder Acolyte on Jan 17, 2024.
             Was a High Priest of Lugonu.
             Slain by a harpy (9 damage)
             ... on level 4 of the Shoals.
             The game lasted 01:01:23 (34226 turns).

jasper the Warrior (Demonspawn Cinder Acolyte)     Turns: 34226, Time: 01:01:23

Health: -3/188     AC: 28    Str: 25    XL:     18   Next: 98%
Magic:  16/23      EV:  7    Int: 14    God:    Lugonu [*****.]
Gold:   297        SH: 15    Dex: 18    Spells: 19/19 levels left

rFire   . . .        C - +6 demon whip (vamp)
rCold   . . .        T - +1 kite shield {AC+3}
rNeg    + . .        i - +0 plate armour
rPois   +            L - +0 helmet
rElec   .            (cloak unavailable)
rCorr   .            b - +1 pair of gloves {Dex+3}
SInv    +            D - +0 pair of boots of the Good {Dex+3}
Will    +....        J - amulet of regeneration Stlth
                     j - +4 ring of slaying
HPRegen 1.31/turn    p - ring of Xom's Bemusement {rPois rN+ Str+5 SInv Stlth+}
MPRegen 0.18/turn

%: no passive effects
@: about to teleport, marked
A: foul stench 1, powered by pain 1, robust 2, sharp scales 2, weakness stinger
3
}: 1/15 runes: serpentine
a: Renounce Religion, Depart the Abyss, Banish, Corrupt, Enter the Abyss


You were on level 4 of the Shoals.
You worshipped Lugonu.
Lugonu was extremely pleased with you.
You visited 5 branches of the dungeon, and saw 30 of its levels.
You visited the Abyss 1 time.

You collected 3915 gold pieces.
You spent 3618 gold pieces at shops.

Inventory:

Hand Weapons
 C - a +6 vampiric demon whip (weapon)
Missiles
 g - 7 throwing nets
 h - 247 stones (quivered)
 q - 2 atropa-tipped darts
 v - 6 javelins
 x - 3 silver javelins
 Q - 3 curare-tipped darts
Armour
 b - a +1 pair of gloves of dexterity (worn)
 i - a +0 plate armour (worn)
 D - the +0 pair of boots of the Good (worn) {Dex+3}
   (You found it on level 12 of the Dungeon)

   Dex+3:     It affects your dexterity (+3).
 L - a +0 helmet (worn)
 T - a +1 kite shield of protection (worn)
Jewellery
 j - a +4 ring of slaying (left hand)
 p - the ring of Xom's Bemusement (right hand) {rPois rN+ Str+5 SInv Stlth+}
   (You acquired it on level 10 of the Dungeon)

   [ring of see invisible]

   Str+5:     It affects your strength (+5).
   rPois:     It protects you from poison rN+: It protects you from negative
   energy.
   SInv:      It lets you see invisible.
   Stlth+:    It makes you more stealthy.
 s - a +4 ring of slaying
 E - a ring of positive energy
 J - an amulet of regeneration (around neck)
 M - a ring of protection from fire
Wands
 c - a wand of digging (7)
 n - a wand of charming (8)
 y - a wand of flame (5)
 V - a wand of polymorph (4)
 W - a wand of iceblast (13)
Scrolls
 d - 3 scrolls of butterflies
 l - 7 scrolls of fog
 r - 9 scrolls of teleportation
 z - 2 scrolls of vulnerability
 A - a scroll of blinking
 N - 4 scrolls of immolation
 O - 2 scrolls of amnesia
 P - 2 scrolls of revelation
 S - 5 scrolls of poison
 U - a scroll of brand weapon
 X - a scroll of enchant armour
 Z - 3 scrolls of fear
Potions
 a - 3 potions of brilliance
 e - 5 potions of attraction
 f - 6 potions of berserk rage
 k - 4 potions of haste
 m - 4 potions of enlightenment
 o - a potion of invisibility
 t - 8 potions of might
 u - 4 potions of cancellation
 w - 2 potions of curing
 B - a potion of resistance
 F - 9 potions of ambrosia
 G - 3 potions of magic
 I - 3 potions of lignification
 R - 4 potions of heal wounds
 Y - 3 potions of mutation
Miscellaneous
 H - a phantom mirror
 K - a tin of tremorstones (1/2)


   Skills:
 + Level 18.0 Fighting
 - Level 14.0 Maces & Flails
 + Level 16.0 Armour
 - Level 15.4 Shields
 - Level 1.0 Spellcasting
 - Level 2.6 Fire Magic
 + Level 7.7 Invocations


You had 19 spell levels left.
You didn't know any spells.
Your spell library contained the following spells:

 Spells                   Type           Power      Damage    Failure   Level
 Scorch                   Fire           16%        2d5       78%         2
 Freeze                   Ice            0%         1d3       95%         1
 Magic Dart               Conj           0%         1d3       95%         1
 Blink                    Tloc           0%         N/A       98%         2
 Call Imp                 Summ           0%         N/A       98%         2
 Lesser Beckoning         Tloc           0%         N/A       98%         2
 Momentum Strike          Conj/Tloc      0%         3d8       98%         2
 Inner Flame              Hex/Fire       4%         N/A       99%         3
 Volatile Blastmotes      Fire/Tloc      8%         2d10      99%         3
 Dazzling Flash           Conj/Hex       0%         N/A       100%        3
 Frozen Ramparts          Ice            0%         1d1       100%        3
 Hailstorm                Conj/Ice       0%         3d5       100%        3
 Mephitic Cloud           Conj/Alch/Air  0%         N/A       100%        3
 Ozocubu's Armour         Ice            0%         N/A       100%        3
 Fulminant Prism          Conj/Alch      0%         3d5       100%        4
 Iskenderun's Mystic Bla  Conj/Tloc      0%         2d3       100%        4
 Leda's Liquefaction      Alch/Erth      0%         N/A       100%        4
 Olgreb's Toxic Radiance  Alch           0%         N/A       100%        4
 Curse of Agony           Necr           0%         N/A       100%        5
 Irradiate                Conj/Alch      0%         3d11      100%        5
 Lee's Rapid Deconstruct  Erth           0%         3d4*      100%        5
 Silence                  Hex/Air        0%         N/A       100%        5
 Bombard                  Conj/Erth      0%         9d1       100%        6
 Ozocubu's Refrigeration  Ice            0%         4d7       100%        7
 Discord                  Hex            0%         N/A       100%        8
 Ignition                 Fire           4%         3d4       100%        8
 Maxwell's Capacitive Co  Air            0%         ∞         100%        8
 Chain Lightning          Conj/Air       0%         N/A       100%        9


Dungeon Overview and Level Annotations

Branches:
Dungeon (15/15)            Temple (0/1) D:6            Lair (5/5) D:8
 Shoals (4/4) Lair:3        Snake (4/4) Lair:3        Slime (0/5) Lair:5
    Orc (2/2) D:10            Elf (0/3) Orc:2        Vaults (0/5) D:13
 Depths (0/4) D:15

Altars:
Dithmenos
Gozag
Hepliaklqana
Okawaru
Qazlal
Trog
Wu Jian
Xom
Jiyva

Shops:
D:3 :   Orc:2 **==   Shoals:1 [   Shoals:3 *(   Snake:3 [!

Annotations:
D:11 3 runed translucent doors, Xavori's ghost, journeyman DjCK
Lair:2 exclusion: oklob plant
Lair:4 3 runed translucent doors, Rotan's ghost, journeyman NaHs
Lair:5 1 runed translucent door, jfitz's ghost, journeyman DrBe
Shoals:2 corrupted
Shoals:3 2 transporters, Ygem's ghost, journeyman DsFE
Shoals:4 corrupted
Abyss:1 Saint Roka


Innate Abilities, Weirdness & Mutations

You may rarely emit foul miasma when damaged in melee.
You sometimes gain a little power by taking damage.
You are very robust. (+20% HP)
You are mostly covered in razor-sharp scales. (AC +2, Slay +2)
You have a sharp stinger which inflicts weakening toxins.


Message History

Press: ? - help, Dir - look around, f - activate Lugonu's Hand of Corruption reaches out!
The harpy looks more healthy.
The harpy claws the white imp!
The white imp dies!
The white imp disappears in a puff of smoke!
The harpy completely misses you. You block the harpy's attack. x3
The sea snake bites you but does no damage. x2
The harpy closely misses you. The harpy claws you.
* * * LOW HITPOINT WARNING * * *
Found a runed hand axe.
You take 7 damage, and have 30/188 hp.
You now have 16/23 mp.
As you read the scroll of teleportation, it crumbles to dust.
You feel strangely unstable. The harpy claws you.
* * * LOW HITPOINT WARNING * * *
You emit a cloud of foul miasma!
The harpy claws you but does no damage. The harpy claws you.
* * * LOW HITPOINT WARNING * * *
The harpy claws you but does no damage.
The harpy is engulfed in dark miasma.
The harpy is poisoned.
The sea snake barely misses you. x2
The ynoxinul gestures.
The bone dragon bites something!!
The bone dragon claws something.
The bone dragon tramples something.
Something stumbles backwards!
The hellephant breathes flames at the harpy.
The blast of flame hits the harpy!!!
The harpy dies!
The large abomination hits the sea snake!!
The vampire gestures wildly while chanting.
The vampire flickers and vanishes for a moment.
The apocalypse crab bites something!
The apocalypse crab shocks something!
The apocalypse crab closely misses something.
You take 9 damage, and have 21/188 hp.
You feel better.
The drowned soul returns to the deep!
You block the harpy's attack. x3; The harpy claws you.
* * * LOW HITPOINT WARNING * * *
The harpy closely misses you. x2; The sea snake bites you!
* * * LOW HITPOINT WARNING * * *
The harpy claws you.
* * * LOW HITPOINT WARNING * * *
The harpy claws you!
You die...

... .~≈≈.. ...
.Y.#≈. ..t
,..XG.≈ #..
#x...≈#
..###S......
.X.##.#.H.3...~
...)24HH§.#
,,#@H#
#......SS# .
≈#..X#.5.X#..~~
.≈..,.X.#.5#~~~
~.. .#.x.x...~≈
x. ...≈53V.5..≈
# ## #..≈≈..≈.≈
#..#....≈#
≈≈≈≈≈≈≈≈≈≈


You could see 3 sea snakes, 4 harpies, a neutral hellephant (summoned,
distracted, catching breath), a neutral cacodemon (summoned, distracted), a
neutral tentacled starspawn (summoned, distracted), a neutral thrashing horror
(summoned, wandering), 3 neutral large abominations, a neutral apocalypse crab
(summoned, distracted), a neutral hellwing (summoned, distracted), a neutral
worldbinder (summoned, distracted), a neutral smoke demon (summoned,
distracted), a neutral ynoxinul (summoned, distracted), a neutral vampire
(summoned, invisible, distracted), 3 neutral small abominations, a neutral iron
imp (summoned, distracted), a neutral golden eye (summoned, wandering), a
neutral shadow imp (summoned, distracted) and 2 neutral ufetubi.

Vanquished Creatures
  Jorgrun (Snake:2)
  An Executioner (Abyss:2)
  A kraken (Shoals:3)
  A tentacled starspawn (Abyss:2)
  Agnes (Snake:3)
  5 nagarajas (Snake:4)
  Aizul (Shoals:4)
  Louise (D:15)
  Azrael (Snake:1)
  Snorg (D:11)
  An entropy weaver (shapeshifter) (D:14)
  3 merfolk impalers
  4 hydras
  Harold (D:9)
  Fannar (D:11)
  Josephine (D:11)
  A catoblepas (Lair:1)
  13 anacondas
  An ice dragon (Lair:5)
  2 ogre magi (Orc:2)
  A rakshasa (D:15)
  A merfolk avatar (Shoals:3)
  2 salamander tyrants
  A centaur warrior (D:15)
  5 boulder beetles
  9 death yaks
  A satyr (Shoals:3)
  10 two-headed ogres
  8 naga warriors
  A death knight (D:13)
  2 tengu warriors (D:15)
  2 occultists (D:15)
  6 shock serpents
  10 naga sharpshooters
  Amaemon (Lair:1)
  6 skysharks
  A wretched star (Abyss:2)
  A skeletal warrior (D:13)
  4 salamander mystics
  A swamp dragon (Lair:5)
  2 deep trolls (Orc:2)
  9 sea snakes
  6 mana vipers
  6 naga ritualists
  A wolf spider zombie (D:15)
  2 wolf spiders (Lair:5)
  12 harpies
  A deep elf zephyrmancer (D:13)
  2 necromancers
  10 cyclopes
  A phantasmal warrior (D:13)
  19 salamanders
  2 orc sorcerers
  5 orc knights
  5 ugly things
  3 deep elf pyromancers
  12 manticores
  A centaur zombie (D:15)
  16 elephants
  3 fauns
  Joseph (D:9)
  3 meliai (D:15)
  2 kobold blastminers (Orc:1)
  A guardian serpent (Lair:4)
  19 naga magi
  5 merfolk sirens
  2 water nymphs (Shoals:3)
  11 cane toads
  36 black mambas
  An orange demon (Lair:1)
  A large abomination (Abyss:2)
  4 komodo dragons
  3 tengu conjurers (D:15)
  2 freezing wraiths (D:13)
  3 rime drakes (Lair:5)
  A queen bee (Lair:2)
  A polar bear (Lair:2)
  14 trolls
  13 blink frogs
  17 merfolk
  15 dream sheep
  4 hornets
  A raiju (Abyss:2)
  5 wind drakes
  6 snapping turtles
  A spriggan (shapeshifter) (D:14)
  6 slime creatures
  2 centaur simulacra
  5 wraiths (D:11)
  A ynoxinul (Abyss:2)
  A yak (shapeshifter) (D:15)
  A dire elephant simulacrum (Lair:4)
  2 vampires (D:13)
  7 basilisks
  24 wyverns
  4 fire elementals
  44 yaks
  2 water elementals
  6 wargs
  3 redbacks (Lair:5)
  7 steam dragons
  Edmund (D:6)
  3 vampire mosquitoes (D:13)
  40 nagas
  19 water moccasins
  A hydra simulacrum (Lair:4)
  3 hell hounds (Snake:1)
  A swamp drake (Lair:5)
  5 sky beasts
  A black bear (D:5)
  29 ogres
  23 orc warriors
  16 wolves
  A centaur (D:6)
  2 phantoms
  4 kobold brigands
  9 bullfrogs
  2 cane toad simulacra (Lair:4)
  A scorpion (D:4)
  36 killer bees
  5 electric eels (D:10)
  A howler monkey (D:6)
  3 bombardier beetles
  5 jellies
  A gnoll bouda (D:9)
  23 orc priests
  7 starcursed masses (Abyss:2)
  Crazy Yiuf (D:4)
  3 hounds
  3 sleepcaps
  Ijyb (D:5)
  6 iguanas
  5 hell rats (Lair:2)
  32 orc wizards
  2 basilisk simulacra (Lair:4)
  14 gnolls
  8 adders
  2 shadow imps
  3 white imps
  3 ribbon worms
  78 orcs
  8 ball pythons
  5 bats
  6 endoplasms
  A giant cockroach (D:1)
  12 goblins
  14 hobgoblins
  6 jackals
  3 quokkas
  6 frilled lizards
  22 kobolds
  8 rats
  4 tentacles (Shoals:3)
1018 creatures vanquished.

Vanquished Creatures (others)
  Polyphemus (Shoals:2)
  A catoblepas (Shoals:2)
  4 death yaks (Shoals:2)
  A merfolk aquamancer (Shoals:2)
  A naga sharpshooter (Snake:4)
  A skyshark (Shoals:2)
  A harpy (Shoals:4)
  3 fauns (Shoals:2)
  A merfolk siren (Shoals:2)
  5 merfolk (Shoals:2)
  A wind drake (Shoals:2)
  2 water elementals (Shoals:2)
  A hell rat (Lair:2)
  10 starspawn tentacles
  7 tentacles (Shoals:3)
40 creatures vanquished.

Grand Total: 1058 creatures vanquished

Notes
Turn   | Place    | Note
-------+----------+-------------------------------------------
     0 | D:1      | jasper the Demonspawn Cinder Acolyte began the quest for
                  | the Orb.
     0 | D:1      | Reached XP level 1. HP: 18/18 MP: 2/2
    98 | D:1      | Gained mutation: You may rarely emit foul miasma when
                  | damaged in melee. [demonic ancestry]
    98 | D:1      | Reached XP level 2. HP: 24/24 MP: 3/3
   980 | D:2      | Gained mutation: You sometimes gain a little power by
                  | taking damage. [demonic ancestry]
   980 | D:2      | Reached XP level 3. HP: 26/29 MP: 4/4
  1399 | D:2      | Identified the +3 leather armour of the Illusory Priests
                  | {rCorr Stlth+}
  1433 | D:2      | Reached XP level 4. HP: 34/35 MP: 5/5
  1702 | D:3      | Found Fucil's Book Shop.
  1989 | D:3      | Found an ornate altar of the Wu Jian Council.
  2302 | D:4      | Reached skill level 5 in Maces & Flails
  2464 | D:4      | Reached XP level 5. HP: 32/41 MP: 6/6
  2666 | D:4      | Found a shimmering altar of Xom.
  2758 | D:4      | Reached XP level 6. HP: 43/47 MP: 7/7
  2904 | D:4      | Found a runed translucent door.
  2905 | D:4      | Noticed Crazy Yiuf
  3088 | D:4      | Gained mutation: You are partially covered in razor-sharp
                  | scales. (AC +1, Slay +1) [demonic ancestry]
  3088 | D:4      | Reached XP level 7. HP: 29/52 MP: 8/8
  3246 | D:4      | Found a bloodstained altar of Trog.
  3539 | D:4      | Killed Crazy Yiuf
  3730 | D:5      | Entered Level 5 of the Dungeon
  3864 | D:5      | Found a stormy altar of Qazlal.
  3953 | D:5      | Gained mutation: You have a small tail. [demonic ancestry]
  3953 | D:5      | Reached XP level 8. HP: 38/58 MP: 9/9
  4033 | D:5      | Found a hazy altar of Hepliaklqana.
  4035 | D:5      | Found a shadowy altar of Dithmenos.
  4074 | D:5      | Got the Atlas of the Electric Glacier
  4278 | D:5      | Noticed Ijyb
  4294 | D:5      | Killed Ijyb
  4597 | D:6      | Reached skill level 10 in Maces & Flails
  4822 | D:6      | Found a staircase to the Ecumenical Temple.
  4833 | D:6      | Noticed Edmund
  4847 | D:6      | Killed Edmund
  5650 | D:7      | Reached XP level 9. HP: 40/63 MP: 10/10
  6087 | D:7      | Reached skill level 1 in Armour
  6341 | D:7      | Reached skill level 4 in Fighting
  6596 | D:8      | Reached skill level 5 in Fighting
  6757 | D:8      | Found a staircase to the Lair.
  6895 | D:8      | Gained mutation: You have a tail ending in a sharp stinger.
                  | [demonic ancestry]
  6895 | D:8      | Reached XP level 10. HP: 74/76 MP: 11/11
  6956 | D:8      | Reached skill level 6 in Fighting
  6998 | D:8      | Reached skill level 5 in Armour
  7158 | D:8      | Paralysed by a hornet for 3 turns
  7455 | D:8      | Found an opulent altar of Gozag.
  7593 | D:9      | Reached skill level 7 in Fighting
  7732 | D:9      | Identified the +4 flail "Sied" {drain, Dex+4}
  8123 | D:9      | Noticed Harold
  8154 | D:9      | Killed Harold
  8363 | D:9      | Noticed Joseph
  8371 | D:9      | Killed Joseph
  8577 | D:10     | Entered Level 10 of the Dungeon
  8777 | D:10     | Found a staircase to the Orcish Mines.
  8812 | D:10     | Gained mutation: You have a sharp stinger which inflicts
                  | weakening toxins. [demonic ancestry]
  8812 | D:10     | Reached XP level 11. HP: 31/84 MP: 12/12
  9666 | D:10     | Identified the +2 flail of the Original Sin {drain,
                  | *Corrode Int+5 Dex+2}
  9742 | D:10     | Identified a scroll of acquirement
  9742 | D:10     | Acquired the ring of Xom's Bemusement {rPois rN+ Str+5 SInv
                  | Stlth+}
  9834 | D:11     | Noticed Fannar
  9845 | D:11     | Killed Fannar
 10021 | D:11     | Noticed Snorg
 10039 | D:11     | Killed Snorg
 10326 | D:11     | Noticed a green ugly thing
 10402 | D:11     | Noticed Josephine
 10425 | D:11     | Killed Josephine
 10426 | D:11     | Reached skill level 8 in Fighting
 10431 | D:11     | HP: 2/86 [wraith[Josephine] (9)]
 10742 | D:11     | Found a runed translucent gate.
 10742 | D:11     | Found a runed translucent gate.
 10742 | D:11     | Found a runed translucent gate.
 10743 | D:11     | Found an opulent altar of Gozag.
 10744 | D:11     | Noticed a death knight
 10744 | D:11     | Noticed Xavori's ghost (journeyman DjCK)
 10963 | Lair:1   | Entered Level 1 of the Lair of Beasts
 11030 | Lair:1   | Noticed Amaemon
 11086 | Lair:1   | Reached skill level 9 in Fighting
 11108 | Lair:1   | Killed Amaemon
 11236 | Lair:1   | Reached XP level 12. HP: 87/96 MP: 13/13
 11480 | Lair:1   | Noticed a catoblepas
 11508 | Lair:1   | Killed a catoblepas
 11518 | Lair:1   | Reached skill level 10 in Fighting
 11574 | Lair:1   | Acquired 767 gold pieces
 11691 | Lair:1   | Found the +5 glaive of the Guard {elec, spectral}
 11921 | Lair:2   | Noticed a death yak
 11923 | Lair:2   | Noticed a death yak
 11927 | Lair:2   | Noticed a death yak
 11943 | Lair:1   | Killed a death yak
 12269 | Lair:2   | Noticed a five-headed hydra
 12281 | Lair:2   | Killed a five-headed hydra
 12282 | Lair:2   | Reached skill level 11 in Fighting
 12376 | Lair:2   | Reached skill level 10 in Armour
 12551 | Lair:1   | Killed a death yak
 12568 | Lair:2   | Killed a death yak
 13128 | Lair:2   | Reached skill level 12 in Fighting
 13545 | Lair:3   | Gained mutation: You are robust. (+10% HP) [demonic
                  | ancestry]
 13545 | Lair:3   | Reached XP level 13. HP: 98/118 MP: 14/14
 14051 | Lair:3   | Found a staircase to the Snake Pit.
 14166 | Lair:3   | Found a staircase to the Shoals.
 14766 | Lair:4   | Reached skill level 13 in Fighting
 14864 | Lair:4   | Found a runed translucent gate.
 14864 | Lair:4   | Found a runed translucent gate.
 14864 | Lair:4   | Found a runed translucent gate.
 15044 | Lair:4   | Found a transporter.
 15146 | Lair:4   | Noticed Rotan's ghost (journeyman NaHs)
 15190 | Lair:4   | Found a transporter.
 16079 | Lair:5   | Entered Level 5 of the Lair of Beasts
 16210 | Orc:1    | Entered Level 1 of the Orcish Mines
 16939 | Orc:2    | Entered Level 2 of the Orcish Mines
 16939 | Orc:2    | Found Ysaot's General Store.
 16997 | Orc:2    | Reached skill level 14 in Fighting
 17010 | Orc:2    | Reached XP level 14. HP: 17/132 MP: 15/15
 17168 | Orc:2    | Found Gusid's Jewellery Emporium.
 17238 | Orc:2    | Found Qythuitz's Assorted Antiques.
 17250 | Orc:2    | Bought a potion of haste for 150 gold pieces
 17250 | Orc:2    | Bought 2 scrolls of blinking for 225 gold pieces
 17250 | Orc:2    | Bought a scroll of fog for 60 gold pieces
 17293 | Orc:2    | Bought a +4 ring of slaying for 1170 gold pieces
 17293 | Orc:2    | Bought an amulet of reflection for 450 gold pieces
 17304 | Orc:2    | Found Dedghyli's Jewellery Shoppe.
 17308 | Orc:2    | Bought a pair of boots for 130 gold pieces
 17689 | Orc:2    | Found a staircase to the Elven Halls.
 18030 | Lair:5   | Reached skill level 15 in Fighting
 18111 | Lair:5   | HP: 4/135 [guardian serpent (6)]
 19418 | Lair:5   | Found a staircase to the Slime Pits.
 19419 | Lair:5   | Found a viscous altar of Jiyva.
 19424 | Lair:5   | Reached skill level 16 in Fighting
 19615 | Lair:5   | Found a runed translucent door.
 19615 | Lair:5   | Noticed jfitz's ghost (journeyman DrBe)
 19876 | Lair:5   | Reached XP level 15. HP: 112/144 MP: 16/16
 20637 | D:12     | Found an iron altar of Okawaru.
 20648 | D:12     | Identified the +0 pair of boots of the Good {Dex+3}
 21118 | D:12     | Reached skill level 15 in Armour
 21880 | D:13     | Found a gate to the Vaults.
 22241 | D:14     | Reached skill level 17 in Fighting
 23122 | D:15     | Entered Level 15 of the Dungeon
 23313 | D:15     | Reached skill level 1 in Shields
 23891 | D:15     | Noticed Louise
 23911 | D:15     | Killed Louise
 23957 | Abyss:2  | Cast into level 2 of the Abyss (an occultist)
 23997 | Abyss:2  | Paralysed by accursed screaming for 2 turns
 24011 | Abyss:2  | Paralysed by accursed screaming for 1 turns
 24025 | Abyss:2  | Noticed an Executioner
 24037 | Abyss:2  | Killed an Executioner
 24046 | Abyss:2  | Noticed a tentacled starspawn
 24065 | Abyss:2  | Killed a tentacled starspawn
 24129 | Abyss:2  | Found a corrupted altar of Lugonu.
 24139 | Abyss:2  | Fell from the grace of Ignis
 24139 | Abyss:2  | Became a worshipper of Lugonu the Unformed
 24139 | Abyss:2  | Reached * piety under Lugonu
 24139 | Abyss:2  | Reached ** piety under Lugonu
 24140 | D:15     | Escaped the Abyss
 24410 | D:15     | Found a staircase to the Depths.
 24998 | Snake:1  | Entered Level 1 of the Snake Pit
 25188 | Snake:1  | Reached skill level 1 in Invocations
 25310 | Snake:1  | Noticed Azrael
 25328 | Snake:1  | Killed Azrael
 25404 | Snake:1  | Gained mutation: You are mostly covered in razor-sharp
                  | scales. (AC +2, Slay +2) [demonic ancestry]
 25404 | Snake:1  | Reached XP level 16. HP: 74/157 MP: 17/17
 26176 | Snake:1  | Reached skill level 18 in Fighting
 26187 | Snake:1  | Reached skill level 5 in Shields
 26513 | Snake:1  | Reached *** piety under Lugonu
 26525 | Snake:1  | Reached skill level 5 in Invocations
 26764 | Snake:2  | Found a shadowy altar of Dithmenos.
 27806 | Snake:2  | Noticed Jorgrun
 27817 | Snake:2  | Killed Jorgrun
 28156 | Snake:3  | Reached **** piety under Lugonu
 28240 | Snake:3  | Noticed Agnes
 28261 | Snake:3  | Killed Agnes
 28338 | Snake:3  | Found Ferogy's Distillery.
 28343 | Snake:3  | Found Hauvueg's Antique Armour Shop.
 28346 | Snake:3  | Bought a potion of heal wounds for 75 gold pieces
 28346 | Snake:3  | Bought a potion of heal wounds for 75 gold pieces
 28346 | Snake:3  | Bought a potion of curing for 45 gold pieces
 28346 | Snake:3  | Bought a potion of resistance for 150 gold pieces
 28346 | Snake:3  | Bought a potion of lignification for 45 gold pieces
 28346 | Snake:3  | Bought a potion of heal wounds for 75 gold pieces
 28346 | Snake:3  | Bought a potion of curing for 45 gold pieces
 28346 | Snake:3  | Bought a potion of curing for 45 gold pieces
 28346 | Snake:3  | Bought a potion of cancellation for 120 gold pieces
 28397 | Snake:3  | Noticed Saint Roka
 28437 | Snake:3  | Banished Saint Roka
 28624 | Snake:3  | You fall into a shaft and drop 1 floor!
 28624 | Snake:4  | Entered Level 4 of the Snake Pit
 28773 | Snake:3  | You fall into a shaft and drop 1 floor!
 28852 | Snake:4  | Reached skill level 10 in Shields
 29317 | Snake:4  | Gained mutation: You are very robust. (+20% HP) [demonic
                  | ancestry]
 29317 | Snake:4  | Reached XP level 17. HP: 157/178 MP: 22/22
 30117 | Snake:4  | Was forgiven by Ignis
 30978 | Snake:4  | Reached ***** piety under Lugonu
 31029 | Snake:4  | Got a serpentine rune of Zot
 31279 | Shoals:1 | Entered Level 1 of the Shoals
 31646 | Shoals:1 | Found Tac Kuoh's Antique Armour Shoppe.
 32364 | Shoals:2 | Noticed Polyphemus
 32387 | Shoals:2 | Corrupted Shoals:2
 32398 | Shoals:2 | Killed Polyphemus
 33122 | Shoals:3 | Noticed a kraken
 33165 | Shoals:3 | Killed a kraken
 33334 | Shoals:3 | Found Tomegetau's Gadget Gallery.
 33360 | Shoals:3 | Bought a phantom mirror for 720 gold pieces
 33537 | Shoals:3 | Noticed Ygem's ghost (journeyman DsFE)
 33541 | Shoals:3 | Found a bloodstained altar of Trog.
 33605 | Shoals:3 | Found Suellos's Weapon Boutique.
 33776 | Shoals:3 | Found a transporter.
 33780 | Shoals:3 | Identified the amulet "Osoneg" {Acrobat ^Drain rPois Int+3
                  | Stlth+}
 33795 | Shoals:3 | Found a transporter.
 33915 | Shoals:4 | Entered Level 4 of the Shoals
 33915 | Shoals:4 | Found Zuvupuc's Assorted Antiques.
 33930 | Shoals:4 | Bought a metallic pink potion for 38 gold pieces
 33930 | Shoals:4 | Reached skill level 15 in Shields
 33930 | Shoals:4 | Reached XP level 18. HP: 188/188 MP: 23/23
 33993 | Shoals:4 | Identified the serpent talisman of the Endless Expanse
                  | {Str+2 Stlth+}
 33993 | Shoals:4 | Noticed Aizul
 34012 | Shoals:4 | Killed Aizul
 34024 | Shoals:4 | HP: 5/188 [alligator snapping turtle (12)]
 34224 | Shoals:4 | Corrupted Shoals:4
 34224 | Shoals:4 | Noticed a hellephant
 34224 | Shoals:4 | Noticed a bone dragon
 34226 | Shoals:4 | HP: 6/188 [harpy (4)]
 34226 | Shoals:4 | Slain by a harpy

Illustrated notes

Levels and vault maps discovered:
D:1:      psy_arrival_heroes, layout_basic
D:2:      layout_rooms, minmay_close_crescents
D:3:      layout_rooms, lemuel_coloured_pillars_altar, serial_shops, shop
D:4:      layout_cave_pools, mainiacjoe_overflow_catwalk_spiral, kennysheep_nub,
          nzn_random_ring, uniq_crazy_yiuf_cottage
D:5:      layout_rooms, riverfiend_overflow_shadow_ancestor,
          nicolae_qazlal_beasts_of_the_sky, serial_bayou_pond_b, uniq_ijyb
D:6:      layout_gridville, minmay_temple_entry_junction, uniq_edmund
D:7:      layout_rooms
D:8:      layout_rooms, grunt_temple_overflow_gold_and_silver, lair_entry_dummy,
          minmay_diced_spiral
D:9:      layout_cave_pools, uniq_joseph, uniq_harold
D:10:     layout_basic, erik_orc_4
D:11:     layout_big_octagon, ebering_ghost_gozag, uniq_snorg, uniq_josephine,
          uniq_fannar
D:12:     layout_roguey, kennysheep_okawaru_gauntlet
D:13:     layout_loops_ring, david_vaults_1
D:14:     layout_loops_ring, tso_altar
D:15:     grunt_enter_depths_magical_seal, layout_gridville,
          serial_park_fountain, uniq_louise
Lair:1:   layout_hall_layers, minivault_11, grunt_megastairs_3,
          serial_bayou_shore_a, lemuel_fruit_fields, lemuel_fruit_tree,
          uniq_amaemon
Lair:2:   wander_river, layout_small_grid, special_room [special_room_bee],
          infiniplex_staircase_pool_2
Lair:3:   layout_chaotic_city, mainiacjoe_shoals_entry_four_pools,
          dummy_snake_entry, grunt_megastairs_1
Lair:4:   gammafunk_cloud_chamber, layout_layer_cave, ebering_ghost_rock_garden,
          hangedman_lair_unloving_vines
Lair:5:   hangedman_lair_tendril_chambers, layout_regular_city,
          guppyfry_lair_end_dragon, minmay_slime_entry_pillars,
          gammafunk_ghost_grave, serial_bayou_pond_a,
          nicolae_lair_grove_arrangements, chequers_serial_rivers_micro_e,
          nicolae_lair_lil_pond
Shoals:1: layout_shoals, serial_shops, shop,
          nicolae_shoals_lost_giant_amphitheater
Shoals:2: layout_shoals, uniq_polyphemus
Shoals:3: layout_shoals, gammafunk_ghost_wrathful_warriors, serial_shops, shop,
          nicolae_shop_gadgets
Shoals:4: shoals_end_hangedman, layout_shoals, serial_shops,
          nicolae_square_shop, uniq_aizul
Snake:1:  layout_grid_shapes, nicolae_integral_box, uniq_azrael
Snake:2:  layout_onion_interference, basic_altar, uniq_jorgrun
Snake:3:  layout_layer_cave, minmay_shop_star, nicolae_triple_integral,
          uniq_agnes, uniq_saint_roka
Snake:4:  snake_pit, layout_cave_town
Orc:1:    nicolae_orc_accident_1, layout_diamond_mine
Orc:2:    st_orc_open, layout_caves, nicolae_orc_crystal_geode

Skill      XL: |  1  2  3  4  5  6  7  8  9 10 11 12 13 14 15 16 17 |
---------------+----------------------------------------------------+-----
Maces & Flails | 3 4 5 6 7 9 11 12 13 14 | 14.0
Armour         | 4 6 8 10 12 14 16 | 16.0
Fighting       | 5 7 9 12 14 16 17 18 | 18.0
Shields        | 4 10 15 | 15.4
Invocations    | 2 7 |  7.7
Spellcasting   | |  1.0
Fire Magic     | |  2.6

Action                     |  1- 3 |  4- 6 |  7- 9 | 10-12 | 13-15 | 16-18 || total
---------------------------+-------+-------+-------+-------+-------+-------++-------
  Melee: Mace              |    95 |       |       |       |       |       ||    95
         Whip              |    63 |   177 |   341 |   189 |       |       ||   770
         Punch             |     2 |       |     6 |    15 |    24 |       ||    47
         Tailslap          |       |       |    37 |   155 |   315 |   260 ||   767
         Flail             |       |       |       |   292 |       |       ||   292
         Unarmed           |       |       |       |    23 |       |       ||    23
         Demon whip        |       |       |       |   432 |  1487 |  1200 ||  3119
  Throw: Stone             |       |       |     4 |     5 |    15 |     2 ||    26
         Javelin           |       |       |       |       |     1 |       ||     1
 Invoke: Fiery Armour      |     1 |     1 |       |     6 |     5 |       ||    13
         Rising Flame      |       |       |       |       |     1 |       ||     1
         Depart the Abyss  |       |       |       |       |     1 |       ||     1
         Banish            |       |       |       |       |       |     4 ||     4
         Corrupt           |       |       |       |       |       |     2 ||     2
  Evoke: Wand              |       |       |       |     8 |    11 |       ||    19
         Tin of tremorston |       |       |       |       |       |     2 ||     2
    Use: Scroll            |       |     7 |     8 |    14 |     6 |    16 ||    51
         Potion            |       |       |     1 |     4 |     8 |    13 ||    26
   Stab: Sleeping          |       |     2 |     1 |       |       |       ||     3
         Distracted        |       |       |     1 |       |       |       ||     1
         Petrified         |       |       |       |       |       |     1 ||     1
 Armour: Robe              |    26 |       |       |       |       |       ||    26
         Scale mail        |    56 |       |       |       |       |       ||    56
         Leather armour    |    14 |   113 |   141 |       |       |       ||   268
         Chain mail        |       |       |    13 |   236 |       |       ||   249
         Skin              |       |       |       |    10 |       |       ||    10
         Plate armour      |       |       |       |   570 |  1029 |  1085 ||  2684
  Dodge: Dodged            |    96 |   108 |    96 |   297 |   346 |   239 ||  1182
  Block: Other             |       |       |       |       |    92 |       ||    92
         Tower shield      |       |       |       |       |   132 |   475 ||   607
         Buckler           |       |       |       |       |    23 |       ||    23
         Reflection        |       |       |       |       |    10 |    10 ||    20
         Kite shield       |       |       |       |       |       |   517 ||   517

Table legend: (Time is in decaauts)
 A = Elapsed time spent in this place.
 B = Non-inter-level travel time spent in this place.
 C = Inter-level travel time spent in this place.
 D = Time resting spent in this place.
 E = Time spent auto-exploring this place.
 F = Levels seen in this place.
 G = Mean time per level.
                   A        B        C        D        E       F      G
               +--------+--------+--------+--------+--------+-----+--------+
         Total |  32901 |  30957 |   1944 |   3292 |  20527 |  31 | 1061.3 |
       Dungeon |  15067 |  14186 |    881 |   1485 |   9793 |  15 | 1004.5 |
          Lair |   7542 |   6859 |    683 |    828 |   4494 |   5 | 1508.4 |
        Shoals |   2665 |   2622 |     43 |    212 |   1684 |   4 |  666.2 |
     Snake Pit |   5971 |   5754 |    217 |    714 |   3570 |   4 | 1492.8 |
  Orcish Mines |   1484 |   1366 |    118 |      3 |    979 |   2 |  742.0 |
         Abyss |    169 |    169 |      0 |     49 |      6 |   1 |  169.0 |
               +--------+--------+--------+--------+--------+-----+--------+

Top non-repeatable levels by time:
  Lair:4: 2043 daAuts
 Snake:4: 1827 daAuts
 Snake:1: 1781 daAuts
    D:11: 1608 daAuts
  Lair:5: 1595 daAuts
    D:15: 1481 daAuts
  Lair:2: 1439 daAuts
  Lair:3: 1434 daAuts
     D:4: 1299 daAuts
 Snake:3: 1223 daAuts
 Snake:2: 1138 daAuts
     D:9: 1066 daAuts
     D:7: 1045 daAuts
  Lair:1: 1031 daAuts
     D:8: 984 daAuts
